 Dungeon Crawl Stone Soup version 0.20.1-1-g8b1a95d (webtiles) character file.

145 Rzeznik the Shield-Bearer (level 5, -16/47 HPs)
             Began as a Minotaur Fighter on Sept 4, 2017.
             Demolished by NorthaanB's ghost (19 damage)
             ... on level 3 of the Dungeon.
             The game lasted 00:18:02 (2526 turns).

Rzeznik the Shield-Bearer (Minotaur Fighter)        Turns: 2526, Time: 00:18:04

Health: -16/47     AC:  9    Str: 21    XL:     5   Next: 6%
Magic:  4/4        EV:  6    Int:  5    God:
Gold:   122        SH:  9    Dex: 10    Spells: 4/4 levels left

rFire    . . .     SeeInvis .   a - +1 flail
rCold    . . .     Gourm    .   c - +0 shield
rNeg     . . .     Faith    .   k - +0 chain mail
rPois    .         Spirit   .   (helmet restricted)
rElec    .         Reflect  .   (no cloak)
rCorr    .         Harm     .   (no gloves)
MR       .....                  (no boots)
Stlth    ..........             (no amulet)
Regen    0.2/turn               (no ring)
MPRegen  0.1/turn               (no ring)

@: no status effects
A: retaliatory headbutt, horns 2
a: no special abilities


You were on level 3 of the Dungeon.
You were not hungry.

You visited 1 branch of the dungeon, and saw 3 of its levels.

You collected 122 gold pieces.

Inventory:

Hand Weapons
 a - a +1 flail (weapon)
Armour
 b - a +0 scale mail
 c - a +0 shield (worn)
 k - a +0 chain mail (worn)
Scrolls
 h - a scroll of recharging
 i - a scroll of magic mapping {unknown}
 o - 2 scrolls of teleportation
 p - a scroll of noise {unknown}
 q - a scroll of identify
Potions
 d - 2 potions of might
 e - 3 potions of heal wounds
 g - a potion of brilliance {unknown}
 j - a potion of curing {unknown}
 l - a potion of resistance {unknown}
 m - a potion of invisibility {unknown}
 n - a potion of flight {unknown}
Comestibles
 f - 2 bread rations


   Skills:
 + Level 4.3 Fighting
 + Level 4.0 Maces & Flails
 + Level 4.3 Armour
 + Level 1.2 Dodging
 + Level 0.3 Stealth
 + Level 4.7 Shields


You had 4 spell levels left.
You didn't know any spells.

Dungeon Overview and Level Annotations

Branches:
Dungeon (3/15)

Altars:

Annotations:
D:3 NorthaanB's ghost, amateur OgWr


Innate Abilities, Weirdness & Mutations

You reflexively headbutt those who attack you in melee.
You have a pair of horns on your head.


Message History

NorthaanB's ghost is heavily damaged.
NorthaanB's ghost hits you but does no damage.
You are electrocuted!
You hit NorthaanB's ghost.
NorthaanB's ghost is severely damaged.
NorthaanB's ghost hits you but does no damage.
You are electrocuted!
* * * LOW HITPOINT WARNING * * *
NorthaanB's ghost hits you.
* * * LOW HITPOINT WARNING * * *
You sock NorthaanB's ghost!
NorthaanB's ghost is almost destroyed.
You block NorthaanB's ghost's attack.
Your chain mail prevents you from hitting NorthaanB's ghost.
You headbutt NorthaanB's ghost!
NorthaanB's ghost is almost destroyed.
NorthaanB's ghost hits you.
* * * LOW HITPOINT WARNING * * *
You are electrocuted!
You die...

##.# ####.......# #. #.#
#.<.....# .. #.#####
#.##....##.# ##.....#
###.##.......# ######.#
#...##.†..#..# .##
#.######........## .#
..# #...##....###...# #
..######....#†##.<...#
..........###†##@###.###
..#######...#.##W.......
............W.....####..
.#######.........## ##..
.## #.........# . ..#
#.........# ..#
#.........# ..#
##.........# ..#
###.........#


You could see NorthaanB's ghost.

Vanquished Creatures
  A gnoll (D:1)
  5 adders
  An ooze (D:1)
  2 worms
  4 dart slugs
  2 leopard geckos
  2 orcs (D:3)
  6 bats
  A giant cockroach (D:2)
  7 goblins
  8 hobgoblins
  11 jackals
  2 quokkas
  A ball python (D:2)
  4 frilled lizards
  7 kobolds (D:1)
  2 rats (D:2)
  2 plants (D:1)
68 creatures vanquished.

Notes
Turn   | Place    | Note
-------+----------+-------------------------------------------
     0 | D:1      | Rzeznik the Minotaur Fighter began the quest for the Orb.
     0 | D:1      | Reached XP level 1. HP: 19/19 MP: 0/0
    96 | D:1      | Reached XP level 2. HP: 20/27 MP: 1/1
   191 | D:1      | Reached XP level 3. HP: 12/33 MP: 2/2
  1376 | D:1      | Reached XP level 4. HP: 40/40 MP: 3/3
  2049 | D:2      | Reached skill level 1 in Dodging
  2382 | D:3      | Reached XP level 5. HP: 37/47 MP: 4/4
  2487 | D:3      | Noticed NorthaanB's ghost (amateur OgWr)
  2526 | D:3      | Demolished by NorthaanB's ghost

Skill      XL: |  1  2  3  4  5 |
---------------+----------------+-----
Fighting       | 4 |  4.3
Armour         | 4 |  4.3
Shields        | 4 |  4.7
Maces & Flails | 3 4 |  4.0
Dodging        | 1 |  1.2
Stealth        | |  0.3

Action                   |  1- 3 |  4- 6 || total
-------------------------+-------+-------++-------
Melee: Flail             |    96 |   124 ||   220
       Headbutt          |    17 |    24 ||    41
  Use: Scroll            |       |     5 ||     5
  Eat: Royal jelly       |     1 |       ||     1
       Meat ration       |       |     1 ||     1
Armor: Scale mail        |    46 |    11 ||    57
       Chain mail        |       |    37 ||    37
Dodge: Dodged            |    25 |    24 ||    49
Block: Shield            |    55 |    47 ||   102
